 Dungeon Crawl Stone Soup version 0.32-a0-361-g289a535e89 (webtiles) character file.

Game seed: 4007251916537551077

4011 cforsyth the Fighter (level 10, -6/81 HPs)
             Began as a Djinni Fire Elementalist on Feb 18, 2024.
             Mangled by a yak (9 damage)
             ... on level 8 of the Dungeon.
             The game lasted 00:11:47 (6000 turns).

cforsyth the Fighter (Djinni Fire Elementalist)     Turns: 6000, Time: 00:11:51

Health: -6/81      AC:  3    Str:  4 (7)  XL:     10   Next: 47%
Gold:   597        EV: 12    Int: 21 (22) God:
                   SH:  0    Dex: 16 (19)

rFire   + + +        a - +5 mace of the Dove {speed, +Blink}
rCold   . . .        (no shield)
rNeg    . . .        p - +0 robe
rPois   ∞            i - +0 helmet
rElec   .            d - scarf {rC+ rF+}
rCorr   .            (no gloves)
SInv    .            (boots unavailable)
Will    +....        q - amulet of the acrobat
Stlth   ++           D - +6 ring of dexterity
HPRegen 0.33/turn    (no ring)
MPRegen 0.00/turn

%: acrobat, infuse magic (-7 HP)
@: about to teleport, on blink cooldown, flying
A: sickness immunity, fire resistance 2, cold vulnerability 1, float, innate
caster, HP casting, extra vitality 1
a: Evoke Blink


You were on level 8 of the Dungeon.
You visited 1 branch of the dungeon, and saw 7 of its levels.
You also visited: Ossuary.

You collected 597 gold pieces.


Innate Abilities, Weirdness & Mutations

You are immune to sickness and miasma.
You are immune to poison.
Your flesh is very heat resistant. (rF++)
You are vulnerable to cold. (rC-)
You float through the air rather than walking.
You learn spells naturally, not from books.
Your magical power is your life essence.
You have superior vitality. (+4 MHP)


   Skills:
 + Level 10.4 Fighting
 - Level 2.1 Dodging
 - Level 1.5 Stealth
 + Level 8.5 Spellcasting
 + Level 8.5 Conjurations
 + Level 8.5 Hexes
   Level 0.0 Charms
 + Level 8.5 Summonings
 + Level 8.5 Necromancy
 + Level 8.5 Translocations
   Level 0.0 Transmutations
 + Level 8.5 Fire Magic
 + Level 8.5 Ice Magic
 + Level 8.5 Air Magic
 + Level 8.5 Earth Magic
 + Level 8.5 Alchemy


You knew the following spells:

 Your Spells              Type           Power      Damage    Failure   Level
a - Necrotise             Necr           100%       1d9       1%          1
d - Tukima's Dance        Hex            44%        N/A       1%          3
e - Ensorcelled Hibernat  Hex/Ice        88%        N/A       1%          2
f - Foxfire               Conj/Fire      100%       2x1d9     1%          1
r - Inner Flame           Hex/Fire       44%        N/A       1%          3
B - Blink                 Tloc           88%        N/A       1%          2
X - Scorch                Fire           88%        2d8       1%          2
Y - Volatile Blastmotes   Fire/Tloc      88%        2d17      1%          3
Z - Flame Wave            Conj/Fire      44%        2d11      2%          4
Your spell library was empty.

Inventory:

Hand Weapons
 a - the +5 mace of the Dove (weapon) {speed, +Blink}
   (You found it on level 4 of the Dungeon)

   +Blink:    It lets you blink.
Missiles
 r - 2 throwing nets {=f}
Armour
 d - a scarf of resistance (worn)
 g - a +2 hat
 i - a +0 helmet (worn)
 p - a +0 robe (worn)
Jewellery
 q - an amulet of the acrobat (around neck)
 D - a +6 ring of dexterity (left hand)
Scrolls
 c - a scroll of enchant weapon {unknown}
 e - a scroll of enchant armour {unknown}
 h - 3 scrolls of vulnerability
 u - a scroll of brand weapon {unknown}
 v - a scroll of silence {!r}
Potions
 b - 4 potions of might
 f - 2 potions of curing {@q1}
 j - a potion of degeneration
 n - 3 potions of enlightenment
 o - a potion of haste {unknown}
 t - a potion of attraction {unknown}
 w - a potion of lignification {unknown}
 x - a potion of cancellation

Dungeon Overview and Level Annotations

Branches:
Dungeon (6/15)             Temple (0/1) D:4         Ossuary (visited)

Altars:
Dithmenos
Elyvilon
Gozag
Uskayaw

##..##†#........
#............##.##.#.....
#...##†.###..#...........
#######..##..............
##.....)..........>.
#...###.##..........
#....##.##..........
#...##.............#
##.@...[...........#
###oY###.............
##...Y.............$..
###..ooY......#.........
#.............#...#.....
#.........>..##...##....
#.........###............
#..........##............
##...................Y.#.


You could see 3 yaks, an orc warrior (inner flame), an orc wizard (inner flame)
and an orc (inner flame).


Message History

Unknown command.
You feel better.
The orc wizard hits you with a +0 dagger.
* * * LOW HITPOINT WARNING * * *
The yak gores you.
* * * LOW HITPOINT WARNING * * *
Okay, then.
Casting: Scorch (safe; 1% risk of failure)
Confirm with . or Enter, or press ? or * to list all spells.
You blink.
* * * LOW HITPOINT WARNING * * *
The yak is no longer more vulnerable to fire.
Unknown command.
As you read the scroll labelled VUSSU FIBEOLO, it crumbles to dust.
The creatures around you are filled with an inner flame!
It was a scroll of immolation.
The orc warrior is no longer more vulnerable to fire.
The yak closely misses you.
As you read the scroll labelled WUIRYA BY WABOIG, it crumbles to dust.
You feel strangely unstable.
It was a scroll of teleportation.
The yak gores you.
* * * LOW HITPOINT WARNING * * *
Unknown command.
You hit the yak.
Flame seeps out of the yak.
The yak is lightly wounded.
The orc warrior hits you with a +0 hand axe.
* * * LOW HITPOINT WARNING * * *
The yak is engulfed in blazing flames.
Flame seeps out of the yak.
The yak gores you!
You die...

Skill      XL: |  1  2  3  4  5  6  7  8  9 10 |
---------------+-------------------------------+-----
Fighting       | 1 2 3 4 5 7 9 10 | 10.4
Spellcasting   | 4 5 6 7 8 |  8.5
Conjurations   | 4 5 6 7 8 |  8.5
Hexes          | 4 5 6 7 8 |  8.5
Summonings     | 4 5 6 7 8 |  8.5
Necromancy     | 4 5 6 7 8 |  8.5
Translocations | 4 5 6 7 8 |  8.5
Fire Magic     | 4 5 6 7 8 |  8.5
Ice Magic      | 4 5 6 7 8 |  8.5
Air Magic      | 4 5 6 7 8 |  8.5
Earth Magic    | 4 5 6 7 8 |  8.5
Alchemy        | 4 5 6 7 8 |  8.5
Dodging        | |  2.1
Stealth        | |  1.5

Action                     |  1- 3 |  4- 6 |  7- 9 | 10-12 || total
---------------------------+-------+-------+-------+-------++-------
  Melee: Unarmed           |       |     1 |       |       ||     1
         Mace              |       |       |       |     1 ||     1
   Cast: Foxfire           |    67 |   144 |   126 |    47 ||   384
         Scorch            |       |    16 |    29 |    12 ||    57
         Inner Flame       |       |     2 |    20 |    18 ||    40
         Flame Wave        |       |       |     2 |       ||     2
         Blink             |       |       |       |     1 ||     1
    Use: Scroll            |       |       |     6 |     2 ||     8
         Potion            |       |       |       |     5 ||     5
 Armour: Robe              |       |    12 |    28 |    16 ||    56
  Dodge: Dodged            |       |    16 |    39 |    11 ||    66

Levels and vault maps discovered:
D:1:      ncdulo_smallfort, layout_basic, serial_rivers,
          chequers_serial_rivers_small_3, chequers_serial_rivers_micro_c,
          chequers_serial_rivers_micro_b, chequers_serial_rivers_small_3,
          chequers_serial_rivers_large_a, chequers_serial_rivers_micro_d,
          kennysheep_decorative_pillar, minmay_bisected
D:2:      layout_basic, uniq_robin
D:3:      layout_loops_ring, nicolae_gozag_seed_capital, st_stairs_7
D:4:      layout_cave_pods, elyvilon_altar_1,
          mainiacjoe_overflow_large_starburst, minmay_temple_entry_glassed_door
D:5:      layout_rooms, enter_ossuary_5, nicolae_eternal_life
D:6:      layout_basic, mainiacjoe_overflow_alcove_2, uniq_eustachio,
          uniq_crazy_yiuf_cottage, uniq_sigmund, uniq_menkaure
D:8:      layout_cave_pools, enter_bailey_4, nicolae_nh_oracle_at_delphi,
          uniq_psyche

Notes
Turn   | Place    | Note
-------+----------+-------------------------------------------
     0 | D:1      | cforsyth the Djinni Fire Elementalist began the quest for
                  | the Orb.
     0 | D:1      | cforsyth set off with the following spells memorised:
                  | Foxfire, Scorch, Volatile Blastmotes, Inner Flame, Flame
                  | Wave.
     0 | D:1      | Reached XP level 1. HP: 15/15 MP: 0/0
    90 | D:1      | Reached XP level 2. HP: 20/22 MP: 0/0
   188 | D:1      | Reached skill level 1 in Fighting
   334 | D:1      | Reached XP level 3. HP: 18/27 MP: 0/0
   334 | D:1      | Learned a level 1 spell: Necrotise
   645 | D:1      | Identified a scarf of resistance
   725 | D:1      | Reached skill level 2 in Fighting
  1045 | D:2      | Reached XP level 4. HP: 31/33 MP: 0/0
  1637 | D:2      | Reached XP level 5. HP: 36/40 MP: 0/0
  1637 | D:2      | Learned a level 2 spell: Ensorcelled Hibernation
  1637 | D:2      | Noticed Robin
  1639 | D:2      | Reached skill level 3 in Fighting
  1642 | D:2      | Reached skill level 4 in Spellcasting
  1642 | D:2      | Reached skill level 4 in Conjurations
  1642 | D:2      | Reached skill level 4 in Hexes
  1642 | D:2      | Reached skill level 4 in Summonings
  1642 | D:2      | Reached skill level 4 in Necromancy
  1642 | D:2      | Reached skill level 4 in Translocations
  1642 | D:2      | Reached skill level 4 in Fire Magic
  1642 | D:2      | Reached skill level 4 in Ice Magic
  1642 | D:2      | Reached skill level 4 in Air Magic
  1642 | D:2      | Reached skill level 4 in Earth Magic
  1642 | D:2      | Reached skill level 4 in Alchemy
  1647 | D:2      | Killed Robin
  1856 | D:3      | Found an opulent altar of Gozag.
  2431 | D:3      | Reached XP level 6. HP: 42/46 MP: 0/0
  2703 | D:4      | Noticed an ogre
  2708 | D:4      | Killed an ogre
  2709 | D:4      | Reached skill level 4 in Fighting
  2769 | D:4      | Found a white marble altar of Elyvilon.
  2870 | D:4      | Found a staircase to the Ecumenical Temple.
  2993 | D:4      | Reached XP level 7. HP: 38/53 MP: 0/0
  2993 | D:4      | Learned a level 2 spell: Blink
  3136 | D:4      | Identified the +5 mace of the Dove {speed, +Blink}
  3466 | D:4      | Found a shadowy altar of Dithmenos.
  3732 | D:5      | Entered Level 5 of the Dungeon
  3761 | D:5      | Found a sand-covered staircase.
  3766 | Ossuary  | Entered an ossuary
  3766 | Ossuary  | Found a huge runed translucent gate.
  3766 | Ossuary  | Found a huge runed translucent gate.
  3766 | Ossuary  | Found a huge runed translucent gate.
  3766 | Ossuary  | Found a huge runed translucent gate.
  3766 | Ossuary  | Found a huge runed translucent gate.
  3766 | Ossuary  | Found a huge runed translucent gate.
  3766 | Ossuary  | Found a huge runed translucent gate.
  3766 | Ossuary  | Found a huge runed translucent gate.
  3766 | Ossuary  | Found a huge runed translucent gate.
  3767 | Ossuary  | Found a huge runed translucent gate.
  3767 | Ossuary  | Found a huge runed translucent gate.
  3768 | Ossuary  | Found a huge runed translucent gate.
  3768 | Ossuary  | Found a huge runed translucent gate.
  3770 | Ossuary  | Found a huge runed translucent gate.
  3770 | Ossuary  | Found a huge runed translucent gate.
  3780 | Ossuary  | Reached skill level 5 in Fighting
  3780 | Ossuary  | Reached skill level 5 in Spellcasting
  3780 | Ossuary  | Reached skill level 5 in Conjurations
  3780 | Ossuary  | Reached skill level 5 in Hexes
  3780 | Ossuary  | Reached skill level 5 in Summonings
  3780 | Ossuary  | Reached skill level 5 in Necromancy
  3780 | Ossuary  | Reached skill level 5 in Translocations
  3780 | Ossuary  | Reached skill level 5 in Fire Magic
  3780 | Ossuary  | Reached skill level 5 in Ice Magic
  3780 | Ossuary  | Reached skill level 5 in Air Magic
  3780 | Ossuary  | Reached skill level 5 in Earth Magic
  3780 | Ossuary  | Reached skill level 5 in Alchemy
  3870 | Ossuary  | Found a huge runed translucent gate.
  3870 | Ossuary  | Found a huge runed translucent gate.
  3870 | Ossuary  | Found a huge runed translucent gate.
  3870 | Ossuary  | Found a huge runed translucent gate.
  3870 | Ossuary  | Found a huge runed translucent gate.
  3871 | Ossuary  | Found a huge runed translucent gate.
  3871 | Ossuary  | Found a huge runed translucent gate.
  3873 | Ossuary  | Found a huge runed translucent gate.
  3873 | Ossuary  | Found a huge runed translucent gate.
  3874 | Ossuary  | Found a huge runed translucent gate.
  3874 | Ossuary  | Found a huge runed translucent gate.
  3875 | Ossuary  | Found a huge runed translucent gate.
  3875 | Ossuary  | Found a huge runed translucent gate.
  3877 | Ossuary  | Found a huge runed translucent gate.
  3877 | Ossuary  | Found a huge runed translucent gate.
  3981 | Ossuary  | Found a huge runed translucent gate.
  3981 | Ossuary  | Found a huge runed translucent gate.
  3981 | Ossuary  | Found a huge runed translucent gate.
  3981 | Ossuary  | Found a huge runed translucent gate.
  3981 | Ossuary  | Found a huge runed translucent gate.
  4019 | Ossuary  | Reached XP level 8. HP: 25/61 MP: 0/0
  4335 | D:5      | Reached skill level 6 in Fighting
  4611 | D:5      | Reached skill level 6 in Spellcasting
  4611 | D:5      | Reached skill level 6 in Conjurations
  4611 | D:5      | Reached skill level 6 in Hexes
  4611 | D:5      | Reached skill level 6 in Summonings
  4611 | D:5      | Reached skill level 6 in Necromancy
  4611 | D:5      | Reached skill level 6 in Translocations
  4611 | D:5      | Reached skill level 6 in Fire Magic
  4611 | D:5      | Reached skill level 6 in Ice Magic
  4611 | D:5      | Reached skill level 6 in Air Magic
  4611 | D:5      | Reached skill level 6 in Earth Magic
  4611 | D:5      | Reached skill level 6 in Alchemy
  4965 | D:6      | Noticed Sigmund
  4970 | D:6      | Killed Sigmund
  4971 | D:6      | Reached skill level 7 in Fighting
  4984 | D:6      | Reached XP level 9. HP: 51/68 MP: 0/0
  4984 | D:6      | Learned a level 3 spell: Tukima's Dance
  5294 | D:6      | Found a hide-covered altar of Uskayaw.
  5304 | D:6      | Reached skill level 8 in Fighting
  5314 | D:6      | Reached skill level 7 in Spellcasting
  5314 | D:6      | Reached skill level 7 in Conjurations
  5314 | D:6      | Reached skill level 7 in Hexes
  5314 | D:6      | Reached skill level 7 in Summonings
  5314 | D:6      | Reached skill level 7 in Necromancy
  5314 | D:6      | Reached skill level 7 in Translocations
  5314 | D:6      | Reached skill level 7 in Fire Magic
  5314 | D:6      | Reached skill level 7 in Ice Magic
  5314 | D:6      | Reached skill level 7 in Air Magic
  5314 | D:6      | Reached skill level 7 in Earth Magic
  5314 | D:6      | Reached skill level 7 in Alchemy
  5507 | D:6      | Noticed Menkaure
  5510 | D:6      | Killed Menkaure
  5524 | D:6      | Reached skill level 9 in Fighting
  5526 | D:6      | Reached XP level 10. HP: 58/78 MP: 0/0
  5526 | D:6      | Noticed Eustachio
  5542 | D:6      | Killed Eustachio
  5543 | D:6      | Reached skill level 8 in Spellcasting
  5543 | D:6      | Reached skill level 8 in Conjurations
  5543 | D:6      | Reached skill level 8 in Hexes
  5543 | D:6      | Reached skill level 8 in Summonings
  5543 | D:6      | Reached skill level 8 in Necromancy
  5543 | D:6      | Reached skill level 8 in Translocations
  5543 | D:6      | Reached skill level 8 in Fire Magic
  5543 | D:6      | Reached skill level 8 in Ice Magic
  5543 | D:6      | Reached skill level 8 in Air Magic
  5543 | D:6      | Reached skill level 8 in Earth Magic
  5543 | D:6      | Reached skill level 8 in Alchemy
  5787 | D:6      | You are sucked into a shaft and drop 2 floors!
  5828 | D:8      | Reached skill level 10 in Fighting
  5962 | D:8      | Identified a +2 robe of resistance
  5962 | D:8      | Noticed Psyche
  5969 | D:8      | Killed Psyche
  5995 | D:8      | HP: 8/81 [orc wizard/magic dart (9)]
  6000 | D:8      | HP: 3/81 [orc warrior/+0 hand axe (3)]
  6000 | D:8      | Mangled by a yak

Vanquished Creatures
  Psyche (D:8)
  Sigmund (D:6)
  6 yaks (D:6)
  Eustachio (D:6)
  Menkaure (D:6)
  An orc warrior (D:8)
  A sky beast (D:6)
  An ice beast (D:6)
  3 ogres
  4 centaurs
  A weeping skull (Ossuary)
  2 elf zombies (Ossuary)
  5 scorpions
  A burial acolyte (Ossuary)
  6 killer bees (D:8)
  A bombardier beetle (D:6)
  3 hounds
  2 gnoll boudas
  An orc priest (D:4)
  An orc wizard (D:8)
  2 mummies (Ossuary)
  A howler monkey zombie (Ossuary)
  Robin (D:2)
  14 gnolls
  12 adders
  4 ufetubi (D:6)
  2 dart slugs
  2 ribbon worms (D:2)
  13 orcs
  5 endoplasms
  8 giant cockroaches
  2 gnoll zombies (Ossuary)
  12 goblins
  11 hobgoblins
  4 quokkas
  3 ball pythons
  4 bats
  5 frilled lizards
  9 kobolds
  A rat (D:2)
158 creatures vanquished.

Vanquished Creatures (collateral kills)
  3 foxfires (D:4)
3 creatures vanquished.

Vanquished Creatures (others)
  636 foxfires
636 creatures vanquished.

Grand Total: 797 creatures vanquished

Table legend: (Time is in decaauts)
 A = Elapsed time spent in this place.
 B = Non-inter-level travel time spent in this place.
 C = Inter-level travel time spent in this place.
 D = Time resting spent in this place.
 E = Time spent auto-exploring this place.
 F = Levels seen in this place.
 G = Mean time per level.
                   A        B        C        D        E       F      G
               +--------+--------+--------+--------+--------+-----+--------+
         Total |   5997 |   5817 |    180 |    190 |   4569 |   8 |  749.6 |
       Dungeon |   5548 |   5368 |    180 |     33 |   4367 |   7 |  792.6 |
       Ossuary |    448 |    448 |      0 |    157 |    202 |   1 |  448.0 |
               +--------+--------+--------+--------+--------+-----+--------+

Top non-repeatable levels by time:
     D:4: 1086 daAuts
     D:1: 1040 daAuts
     D:3: 841 daAuts
     D:6: 833 daAuts
     D:5: 771 daAuts
     D:2: 762 daAuts
 Ossuary: 448 daAuts
     D:8: 212 daAuts

Table legend:
 A = Non-vault XP
 B = Vault XP
 C = Vault XP percentage of total XP
 D = Non-vault monster count
 E = Vault monster count
 F = Vault count percentage of total count
                 A         B        C        D         E       F
            +---------+---------+-------+---------+---------+-------
      Total |    4269 |    1461 |  25.5 |     127 |      31 |  19.6
            +---------+---------+-------+---------+---------+-------
        D:1 |      48 |      16 |  25.0 |      17 |       6 |  26.1
        D:2 |      77 |      46 |  37.4 |      14 |      11 |  44.0
        D:3 |      86 |       3 |   3.4 |      16 |       1 |   5.9
        D:4 |     383 |       0 |   0.0 |      28 |       0 |   0.0
        D:5 |     475 |       0 |   0.0 |       7 |       0 |   0.0
        D:6 |    2383 |     626 |  20.8 |      27 |       3 |  10.0
        D:8 |     817 |     333 |  29.0 |      18 |       1 |   5.3
    Ossuary |       0 |     437 | 100.0 |       0 |       9 | 100.0
            +---------+---------+-------+---------+---------+-------
